 Dungeon Crawl Stone Soup version 0.27.1 (webtiles) character file.

Game seed: 5606313996796262641

30 voltaire321 the Grasshopper (level 3, 0/28 HPs)
             Began as a Palentonga Warper on Aug 29, 2021.
             Slain by an orc (1 damage)
             ... on level 4 of the Dungeon.
             The game lasted 00:03:24 (1134 turns).

voltaire321 the Grasshopper (Palentonga Warper)     Turns: 1134, Time: 00:03:24

Health: 0/28       AC:  4    Str: 14    XL:     3   Next: 3%
Magic:  6/6        EV:  8    Int: 13    God:
Gold:   41         SH:  3    Dex: 10    Spells: 6/6 levels left

rFire    . . .     SeeInvis +   a - +0 falchion
rCold    . . .     Faith    .   g - +0 buckler
rNeg     . . .     Spirit   .   b - +0 leather armour
rPois    .         Reflect  .   (no helmet)
rElec    .         Harm     .   (no cloak)
rCorr    .         Rampage  .   (no gloves)
Will     .....                  (no barding)
Stlth    +.........             (no amulet)
HPRegen  0.09/turn              (no ring)
MPRegen  0.10/turn              (no ring)

@: no status effects
A: large, rugged brown scales 3, see invisible, deformed body, roll 1, armoured
tail
a: Rolling Charge


You were on level 4 of the Dungeon.
You visited 1 branch of the dungeon, and saw 4 of its levels.

You collected 41 gold pieces.

Inventory:

Hand Weapons
 a - a +0 falchion (weapon)
Missiles
 d - 5 boomerangs of dispersal (quivered)
Armour
 b - a +0 leather armour (worn)
 g - a +0 buckler (worn)
Jewellery
 e - an amulet of regeneration
Scrolls
 c - a scroll of blinking
Potions
 f - 2 potions of curing {unknown}


   Skills:
 + Level 2.2 Fighting
 + Level 2.2 Long Blades
 - Level 0.6 Throwing
 + Level 1.1 Armour
 + Level 1.8 Dodging
 + Level 0.2 Shields
 + Level 2.2 Spellcasting
 + Level 3.1 Translocations


You had 6 spell levels left.
You didn't know any spells.
Your spell library contained the following spells:

 Spells                   Type           Power      Damage    Failure   Level
 Blink                    Tloc           N/A        N/A       21%         2
 Gell's Gravitas          Tloc           4%         N/A       38%         3
 Lesser Beckoning         Tloc           4%         N/A       38%         3
 Teleport Other           Tloc           9%         N/A       38%         3
 Manifold Assault         Tloc           9%         N/A       98%         5


Dungeon Overview and Level Annotations

Branches:
Dungeon (4/15)
 Temple: D:4-7

Altars:


Innate Abilities, Weirdness & Mutations

You are completely covered in rugged brown scales. (AC +3, +7% HP)
You have supernaturally acute eyesight. (SInv)
Armour fits poorly on your strangely shaped body.
You can roll at nearby foes to attack.
You have a long armoured tail.


Message History

The orc wizard hits you with a +0 dagger.
You hit the hound.
Your tail-slap misses the hound.
The hound is moderately wounded.
The hound bites you.
An orc comes into view. It is wielding a +0 club.
The orc wizard hits you with a +0 dagger.
The hound bites you but does no damage.
The orc shouts!
You hit the hound but do no damage.
The hound is moderately wounded.
The hound barely misses you.
The orc wizard hits you with a +0 dagger.
The hound bites you but does no damage. The orc hits you with a +0 hand axe.
You hit the hound.
The hound is heavily wounded.
The hound bites you.
The orc wizard hits you but does no damage.
The orc hits you but does no damage. The hound bites you.
The orc wizard hits you with a +0 dagger.
* * * LOW HITPOINT WARNING * * *
You barely miss the hound.
The hound is heavily wounded.
The hound bites you.
* * * LOW HITPOINT WARNING * * *
The orc closely misses you.
You riposte.
You hit the orc.
The orc is moderately wounded.
The hound barely misses you.
You riposte.
You miss the hound.
The hound is heavily wounded.
You hit the hound.
The hound is heavily wounded.
The orc hits you but does no damage. The hound barely misses you.
The orc wizard hits you but does no damage.
The hound closely misses you.
You riposte.
You closely miss the hound.
The hound is heavily wounded.
The orc hits you with a +0 hand axe.
* * * LOW HITPOINT WARNING * * *
You closely miss the hound.
Your tail-slap misses the hound.
The hound is heavily wounded.
The hound bites you but does no damage. The orc hits you with a +0 club.
You die...

#..## #...#
....# #...#
#...# #
######...####.#
.#.....oho.....#
........@o.....#
#.............#
######.?.######
#.......#
#.#...#.#
####.#..)#.#
#........# #
#.##.#####
#.##.# #


You could see a hound, an orc wizard and 2 orcs.

Vanquished Creatures
  2 dart slugs (D:1)
  5 bats (D:1)
  An endoplasm (D:1)
  2 giant cockroaches (D:1)
  3 goblins (D:1)
  2 kobolds (D:1)
  2 quokkas (D:1)
  2 ball pythons (D:1)
  3 frilled lizards (D:1)
  2 rats (D:1)
24 creatures vanquished.

Notes
Turn   | Place    | Note
-------+----------+-------------------------------------------
     0 | D:1      | voltaire321 the Palentonga Warper began the quest for the
                  | Orb.
     0 | D:1      | Reached XP level 1. HP: 17/17 MP: 3/3
   330 | D:1      | Reached skill level 1 in Armour
   335 | D:1      | Reached XP level 2. HP: 17/23 MP: 5/5
   887 | D:1      | Found a faded altar of an unknown god.
   960 | D:1      | Reached XP level 3. HP: 19/28 MP: 6/6
  1133 | D:4      | HP: 1/28 [orc (4)]
  1134 | D:4      | Slain by an orc

Illustrated notes

Levels and vault maps discovered:
D:1:      minmay_arrival_checkered_box, layout_rooms,
          shapermc_ecumenical_altar_gd
D:2:      kennysheep_six_static_rooms, layout_loops_ring
D:3:      layout_basic, chequers_serial_rivers_small_3
D:4:      layout_loops_cross, serial_shops, shop, grunt_ministairs_8,
          kennysheep_windowed_goal

Skill      XL: |  1 |
---------------+----+-----
Armour         | 1 |  1.1
Fighting       | |  2.2
Long Blades    | |  2.2
Throwing       | |  0.6
Dodging        | |  1.8
Shields        | |  0.2
Spellcasting   | |  2.2
Translocations | |  3.1

Action                   || total
-------------------------++-------
Melee: Falchion          ||    85
       Tailslap          ||     4
Armor: Leather armour    ||    40
Dodge: Dodged            ||    37
Block: Buckler           ||     4
       Rpst.: Falchion   ||    10
